TOP OF THE 1ST |
Minnesota ManBearPigs batting - Pitching for Butler White Sox : LHP Francisco Rodríguez
|
Pitching: LHP Francisco Rodríguez
|
|
Batting: LHB Elvin Summers
|
0-0: Ball 1-0: Foul Ball, location: 2F 1-1: Ball 2-1: Called Strike 2-2: Ball 3-2: Foul Ball, location: 2F 3-2: Strikes out swinging
|
Batting: RHB Carlos López
|
0-0: Called Strike 0-1: SINGLE (Line Drive, 4M)
|
Batting: RHB Jaime Hernández
|
0-0: Called Strike 0-1: Ball 1-1: Grounds into double play, 6-4-3 (Groundball, 6M)
|
Top of the 1st over - 0 run(s), 1 hit(s), 0 error(s), 0 left on base; Minnesota 0 - Butler 0 |
BOTTOM OF THE 1ST |
Butler White Sox batting - Pitching for Minnesota ManBearPigs : RHP Jorge Amador
|
Pitching: RHP Jorge Amador
|
|
Batting: LHB Kyle Robbins
|
0-0: Foul Ball, location: 2F 0-1: SINGLE (Groundball, 4MD)
|
Batting: RHB Luis Ramos
|
0-0: Ball 1-0: Ball 2-0: Foul Ball, location: 2F 2-1: Ball 3-1: Fly out, F9 (Flyball, 89M)
|
Batting: LHB Denny Allen
|
0-0: Foul Ball, location: 2F Pickoff Throw to First - Error! E1 Kyle Robbins to second 0-1: Called Strike 0-2: Ball 1-2: Foul Ball, location: 2F 1-2: Ball 2-2: Strikes out looking
|
Batting: RHB Bobby Murdock
|
0-0: Called Strike 0-1: Foul Ball, location: 2F 0-2: Foul Ball, location: 2F 0-2: Fly out, F7 (Flyball, 7)
|
Bottom of the 1st over - 0 run(s), 1 hit(s), 1 error(s), 1 left on base; Minnesota 0 - Butler 0 |
TOP OF THE 2ND |
Minnesota ManBearPigs batting - Pitching for Butler White Sox : LHP Francisco Rodríguez
|
Batting: RHB Jorge Mora
|
0-0: Ball 1-0: Called Strike 1-1: Called Strike 1-2: Ball 2-2: Ball 3-2: Foul Ball, location: 2F 3-2: SINGLE (Groundball, 6MD)
|
Batting: LHB Dave Raines
|
0-0: Called Strike 0-1: Swinging Strike 0-2: Ball 1-2: Strikes out swinging
|
Batting: RHB James Hunter
|
0-0: Ball 1-0: Called Strike 1-1: Ball 2-1: Foul Ball, location: 2F 2-2: Foul Ball, location: 2F 2-2: Foul Ball, location: 2F 2-2: Strikes out swinging
|
Batting: RHB Juan Trujillo
|
0-0: SINGLE (Groundball, 6MD) Jorge Mora to second
|
Batting: SHB Juan Carlos González
|
0-0: Foul Ball, location: 2F 0-1: Ball 1-1: Ground out 6-3 (Groundball, 6S)
|
Top of the 2nd over - 0 run(s), 2 hit(s), 0 error(s), 2 left on base; Minnesota 0 - Butler 0 |
BOTTOM OF THE 2ND |
Butler White Sox batting - Pitching for Minnesota ManBearPigs : RHP Jorge Amador
|
Batting: LHB Thomas Dixon
|
0-0: Fly out, F8 (Line Drive, 8LS)
|
Batting: RHB Jerry Moore
|
0-0: Ball 1-0: Fly out, F8 (Flyball, 8RM)
|
Batting: RHB Luis Fuentes
|
0-0: Ball 1-0: Ball 2-0: Called Strike 2-1: Fly out, F3 (Line Drive, 34)
|
Bottom of the 2nd over - 0 run(s), 0 hit(s), 0 error(s), 0 left on base; Minnesota 0 - Butler 0 |
TOP OF THE 3RD |
Minnesota ManBearPigs batting - Pitching for Butler White Sox : LHP Francisco Rodríguez
|
Batting: RHB Álex Ochoa
|
0-0: Ball 1-0: Fly out, F9 (Flyball, 89S)
|
Batting: LHB Elvin Summers
|
0-0: Ball 1-0: Fly out, F8 (Flyball, 8LD)
|
Batting: RHB Carlos López
|
0-0: Called Strike 0-1: Ball 1-1: Ground out 5-3 (Groundball, 25)
|
Top of the 3rd over - 0 run(s), 0 hit(s), 0 error(s), 0 left on base; Minnesota 0 - Butler 0 |
BOTTOM OF THE 3RD |
Butler White Sox batting - Pitching for Minnesota ManBearPigs : RHP Jorge Amador
|
Batting: SHB Tomás Escobar
|
0-0: Fly out, F7 (Line Drive, 7)
|
Batting: RHB Steve Clifton
|
0-0: Ball 1-0: Foul Ball, location: 2F 1-1: Ball 2-1: Ground out U3 (Groundball, 23)
|
Batting: LHB Kyle Robbins
|
0-0: Swinging Strike 0-1: Swinging Strike 0-2: Ball 1-2: Strikes out looking
|
Bottom of the 3rd over - 0 run(s), 0 hit(s), 0 error(s), 0 left on base; Minnesota 0 - Butler 0 |
TOP OF THE 4TH |
Minnesota ManBearPigs batting - Pitching for Butler White Sox : LHP Francisco Rodríguez
|
Batting: RHB Jaime Hernández
|
0-0: Fly out, F7 (Flyball, 7LMF)
|
Batting: RHB Jorge Mora
|
0-0: Ball 1-0: Called Strike 1-1: Ball 2-1: Fly out, F7 (Line Drive, 7S)
|
Batting: LHB Dave Raines
|
0-0: Called Strike 0-1: Called Strike 0-2: Strikes out looking
|
Top of the 4th over - 0 run(s), 0 hit(s), 0 error(s), 0 left on base; Minnesota 0 - Butler 0 |
BOTTOM OF THE 4TH |
Butler White Sox batting - Pitching for Minnesota ManBearPigs : RHP Jorge Amador
|
Batting: RHB Luis Ramos
|
0-0: Called Strike 0-1: Fly out, F5 (Popup, 5)
|
Batting: LHB Denny Allen
|
0-0: Ball 1-0: Called Strike 1-1: Swinging Strike 1-2: Ball 2-2: Ball 3-2: Base on Balls
|
Batting: RHB Bobby Murdock
|
0-0: Ball 1-0: Foul Ball, location: 2F 1-1: Ball 2-1: Called Strike 2-2: Foul Ball, location: 2F 2-2: Ball 3-2: Strikes out looking Denny Allen steals 2nd base Batter strikes out.
|
Batting: LHB Thomas Dixon
|
0-0: Foul Ball, location: 2F 0-1: Fly out, F7 (Flyball, 78M)
|
Bottom of the 4th over - 0 run(s), 0 hit(s), 0 error(s), 1 left on base; Minnesota 0 - Butler 0 |
TOP OF THE 5TH |
Minnesota ManBearPigs batting - Pitching for Butler White Sox : LHP Francisco Rodríguez
|
Batting: RHB James Hunter
|
0-0: Called Strike 0-1: Ball 1-1: Ball 2-1: Ground out 5-3 (Groundball, 56)
|
Batting: RHB Juan Trujillo
|
0-0: Ball 1-0: Foul Ball, location: 2F 1-1: Ball 2-1: Foul Ball, location: 2F 2-2: Foul Ball, location: 2F 2-2: Ball 3-2: Hit by Pitch
|
Batting: SHB Juan Carlos González
|
0-0: Ball 1-0: Called Strike Juan Trujillo is caught stealing 2nd base 1-1: SINGLE (Groundball, 34D)
|
Batting: RHB Álex Ochoa
|
0-0: Ball 1-0: Ball 2-0: SINGLE (Groundball, 6MD) Juan Carlos González to second
|
Batting: LHB Elvin Summers
|
0-0: Foul Ball, location: 2F 0-1: Swinging Strike 0-2: Ball 1-2: Strikes out swinging
|
Top of the 5th over - 0 run(s), 2 hit(s), 0 error(s), 2 left on base; Minnesota 0 - Butler 0 |
BOTTOM OF THE 5TH |
Butler White Sox batting - Pitching for Minnesota ManBearPigs : RHP Jorge Amador
|
Batting: RHB Jerry Moore
|
0-0: Ball 1-0: Ball 2-0: Called Strike 2-1: Ball 3-1: Fly out, F9 (Flyball, 9LMF)
|
Batting: RHB Luis Fuentes
|
0-0: Ball 1-0: Ball 2-0: Foul Ball, location: 2F 2-1: Foul Ball, location: 2F 2-2: Strikes out looking
|
Batting: SHB Tomás Escobar
|
0-0: Ball 1-0: Ball 2-0: Ball 3-0: Called Strike 3-1: Base on Balls
|
Batting: RHB Steve Clifton
|
0-0: Ball 1-0: Ball 2-0: Ball 3-0: Called Strike 3-1: Fly out, F7 (Line Drive, 78M)
|
Bottom of the 5th over - 0 run(s), 0 hit(s), 0 error(s), 1 left on base; Minnesota 0 - Butler 0 |
TOP OF THE 6TH |
Minnesota ManBearPigs batting - Pitching for Butler White Sox : LHP Francisco Rodríguez
|
Batting: RHB Carlos López
|
0-0: Ball 1-0: Ball 2-0: Called Strike 2-1: Foul Ball, location: 2F 2-2: Ball 3-2: Foul Ball, location: 2F 3-2: Strikes out looking
|
Batting: RHB Jaime Hernández
|
0-0: Ball 1-0: Ball 2-0: Foul Ball, location: 2F 2-1: Called Strike 2-2: Foul Ball, location: 2F 2-2: Foul Ball, location: 2F 2-2: Strikes out swinging
|
Batting: RHB Jorge Mora
|
0-0: Ball 1-0: Fly out, F8 (Flyball, 8LM)
|
Top of the 6th over - 0 run(s), 0 hit(s), 0 error(s), 0 left on base; Minnesota 0 - Butler 0 |
BOTTOM OF THE 6TH |
Butler White Sox batting - Pitching for Minnesota ManBearPigs : RHP Jorge Amador
|
Batting: LHB Kyle Robbins
|
0-0: Ball 1-0: Fly out, F8 (Flyball, 8RM)
|
Batting: RHB Luis Ramos
|
0-0: Called Strike 0-1: Foul Ball, location: 2F 0-2: Strikes out looking
|
Batting: LHB Denny Allen
|
0-0: Ground out 5-3 (Groundball, 56S)
|
Bottom of the 6th over - 0 run(s), 0 hit(s), 0 error(s), 0 left on base; Minnesota 0 - Butler 0 |
TOP OF THE 7TH |
Minnesota ManBearPigs batting - Pitching for Butler White Sox : LHP Francisco Rodríguez
|
Batting: LHB Dave Raines
|
0-0: Foul Ball, location: 2F 0-1: Ball 1-1: Ball 2-1: Ball 3-1: SINGLE (Groundball, 34D)
|
Batting: RHB James Hunter
|
0-0: Ball 1-0: Called Strike 1-1: Bunted foul 1-2: Strikes out swinging
|
Pitching: RHP Carlos Olmedo
|
|
Pinch Hitting: RHB Pedro López
|
0-0: Ball 1-0: Foul Ball, location: 2F 1-1: Ball 2-1: Foul Ball, location: 2F 2-2: Foul Ball, location: 2F 2-2: Ball 3-2: Grounds into double play, 6-4-3 (Groundball, 6)
|
Top of the 7th over - 0 run(s), 1 hit(s), 0 error(s), 0 left on base; Minnesota 0 - Butler 0 |
BOTTOM OF THE 7TH |
Butler White Sox batting - Pitching for Minnesota ManBearPigs : RHP Jorge Amador
|
Now in RF: Pedro López
|
|
Batting: RHB Bobby Murdock
|
0-0: Fly out, F8 (Line Drive, 78M)
|
Batting: LHB Thomas Dixon
|
0-0: Called Strike 0-1: Foul Ball, location: 2F 0-2: Ball 1-2: Strikes out swinging
|
Pinch Hitting: RHB Tom Lang
|
0-0: Ball 1-0: Called Strike 1-1: SINGLE (Groundball, 56D)
|
Pitching: RHP Danny Johnston
|
|
Pinch Runner at 1st Júlio Hernández:
|
|
Pinch Hitting: LHB Josh Pérez
|
0-0: Called Strike 0-1: Ball 1-1: Ball 2-1: Ball 3-1: Called Strike 3-2: Base on Balls Júlio Hernández to second
|
Pinch Hitting: LHB Sean Perkins
|
0-0: Ball 1-0: SINGLE (Line Drive, 3L) Júlio Hernández to third Josh Pérez to second Runner from 3rd tries for Home, SAFE, no throw
|
Batting: RHB Steve Clifton
|
0-0: Swinging Strike 0-1: SINGLE (Line Drive, 9S) Josh Pérez to third Sean Perkins to second Runner from 3rd tries for Home, SAFE, no throw
|
Pinch Hitting: RHB Cássio Cardenas
|
0-0: Ball 1-0: Ball 2-0: Foul Ball, location: 2F 2-1: Called Strike 2-2: Foul Ball, location: 2F 2-2: Foul Ball, location: 2F 2-2: Ground out 1-3 (Groundball, 15)
|
Bottom of the 7th over - 2 run(s), 3 hit(s), 0 error(s), 2 left on base; Minnesota 0 - Butler 2 |
TOP OF THE 8TH |
Minnesota ManBearPigs batting - Pitching for Butler White Sox : RHP Carlos Olmedo
|
Now at 1B: Josh Pérez
|
|
Now at 2B: Sam Haynes
|
|
Now at 3B: Júlio Hernández
|
|
Now in CF: Sean Perkins
|
|
Batting: SHB Juan Carlos González
|
0-0: Swinging Strike 0-1: Called Strike 0-2: Foul Ball, location: 2F 0-2: Foul Ball, location: 2F 0-2: Ball 1-2: Strikes out swinging
|
Batting: RHB Álex Ochoa
|
0-0: Fly out, F8 (Line Drive, 8LM)
|
Batting: LHB Elvin Summers
|
0-0: Called Strike 0-1: Foul Ball, location: 2F 0-2: Ball 1-2: Ball 2-2: Ball 3-2: Base on Balls
|
Pitching: RHP Steve Newman
|
|
Batting: RHB Carlos López
|
0-0: Ball 1-0: Ball 2-0: Foul Ball, location: 2F 2-1: Fly out, F4 (Line Drive, 4)
|
Top of the 8th over - 0 run(s), 0 hit(s), 0 error(s), 1 left on base; Minnesota 0 - Butler 2 |
BOTTOM OF THE 8TH |
Butler White Sox batting - Pitching for Minnesota ManBearPigs : RHP Danny Johnston
|
Batting: RHB Luis Ramos
|
0-0: Foul Ball, location: 2F 0-1: SINGLE (Flyball, 9LS)
|
Batting: LHB Denny Allen
|
0-0: Ball 1-0: DOUBLE (Line Drive, 89M) Luis Ramos to third Runner from 3rd tries for Home, SAFE, no throw
|
Pitching: RHP Ernesto González
|
|
Batting: RHB Bobby Murdock
|
0-0: Ball 1-0: Ball Denny Allen steals 3rd base 2-0: Called Strike 2-1: SINGLE (Groundball, 56) Denny Allen scores
|
Batting: LHB Thomas Dixon
|
0-0: Called Strike 0-1: Ball 1-1: Called Strike 1-2: Ball 2-2: Strikes out looking
|
Batting: RHB Júlio Hernández
|
0-0: Called Strike 0-1: Ball 1-1: Ball 2-1: Ball 3-1: TRIPLE (Line Drive, 9LM) Bobby Murdock scores
|
Batting: LHB Josh Pérez
|
0-0: Intentional Walk
|
Batting: LHB Sean Perkins
|
0-0: Ball 1-0: Called Strike 1-1: Called Strike 1-2: SINGLE (Flyball, 8LS) Júlio Hernández scores Josh Pérez to second Josh Pérez to third
|
Batting: RHB Steve Clifton
|
0-0: Ground out 5-3 (Groundball, 56S) Josh Pérez scores Sean Perkins to second
|
Pitching: RHP Matt Stevenson
|
|
Batting: LHB Sam Haynes
|
0-0: Ball 1-0: DOUBLE (Line Drive, 9LM) Sean Perkins scores
|
Batting: RHB Luis Ramos
|
0-0: Called Strike 0-1: Ball 1-1: Foul Ball, location: 2F 1-2: Ball 2-2: Strikes out swinging
|
Bottom of the 8th over - 6 run(s), 6 hit(s), 0 error(s), 1 left on base; Minnesota 0 - Butler 8 |
TOP OF THE 9TH |
Minnesota ManBearPigs batting - Pitching for Butler White Sox : RHP Steve Newman
|
Batting: RHB Jaime Hernández
|
0-0: Called Strike 0-1: Fly out, F8 (Flyball, 8RM)
|
Batting: RHB Jorge Mora
|
0-0: Called Strike 0-1: Swinging Strike 0-2: Ball 1-2: Foul Ball, location: 2F 1-2: Ball 2-2: Strikes out swinging
|
Batting: LHB Dave Raines
|
0-0: Ball 1-0: Foul Ball, location: 2F 1-1: Foul Ball, location: 2F 1-2: Foul Ball, location: 2F 1-2: Foul Ball, location: 2F 1-2: Ground out 6-3 (Groundball, 6MD)
|
Top of the 9th over - 0 run(s), 0 hit(s), 0 error(s), 0 left on base; Minnesota 0 - Butler 8 |
|